 Dungeon Crawl Stone Soup version 0.22-a0-565-gfc6459a (webtiles) character file.

50 royokou the Conjurer (level 3, -7/19 HPs)
             Began as a Deep Elf Conjurer on June 28, 2018.
             Killed from afar by Terence (9 damage)
             ... with a wand of flame (25)
             ... on level 2 of the Dungeon.
             The game lasted 00:02:57 (951 turns).

royokou the Conjurer (Deep Elf Conjurer)             Turns: 951, Time: 00:02:58

Health: -7/19      AC:  2    Str:  6    XL:     3   Next: 55%
Magic:  4/10       EV: 13    Int: 19    God:
Gold:   57         SH:  0    Dex: 15    Spells: 6/9 levels left

rFire    . . .     SeeInvis .   e - +0 short sword
rCold    . . .     Gourm    .   (no shield)
rNeg     . . .     Faith    .   g - +0 robe
rPois    .         Spirit   .   (no helmet)
rElec    .         Reflect  .   (no cloak)
rCorr    .         Harm     .   (no gloves)
MR       .....                  (no boots)
Stlth    ++........             (no amulet)
HPRegen  0.06/turn              (no ring)
MPRegen  0.12/turn              (no ring)

@: no status effects
A: no striking features
a: no special abilities


You were on level 2 of the Dungeon.
You were not hungry.

You visited 1 branch of the dungeon, and saw 2 of its levels.

You collected 57 gold pieces.

Inventory:

Hand Weapons
 d - a +0 dagger
 e - a +0 short sword (weapon)
Armour
 a - a +0 robe
 g - a +0 robe (worn)
Scrolls
 i - 4 scrolls of identify {unknown}
 j - a scroll of remove curse {unknown}
Potions
 b - a potion of flight {unknown}
 f - a potion of ambrosia {unknown}
 h - 2 potions of curing {unknown}
Comestibles
 c - 3 rations


   Skills:
 - Level 2.4 Dodging
 - Level 2.5 Stealth
 + Level 3.8 Spellcasting
 + Level 5.4 Conjurations


You had 6 spell levels left.
You knew the following spells:

 Your Spells              Type           Power        Failure   Level  Hunger
a - Magic Dart            Conj           ###.         1%          1    None
b - Searing Ray           Conj           ###...       2%          2    ##.....

Your spell library contained the following spells:

 Spells                   Type           Power        Failure   Level  Hunger
 Iskenderun's Mystic Bla  Conj           ###.....     16%         4    ####...
 Fulminant Prism          Conj/Hex       ##........   41%         4    ####...
 Dazzling Spray           Conj/Hex       ##....       14%         3    ###....
 Force Lance              Conj/Tloc      ##......     41%         4    ####...


Dungeon Overview and Level Annotations

Branches:
Dungeon (2/15)

Altars:

Annotations:
D:2 Terence


Message History

The ooze closely misses you.
Sorry, you're not good enough to have a special ability.
Casting: Magic Dart (safe; 1% risk of failure)
Confirm with . or Enter, or press ? or * to list all spells.
Aiming: Magic Dart (safe; 1% risk of failure)
Press: ? - help, Shift-Dir - straight line, f/p - ooze
Aim: an ooze (heavily wounded)
The magic dart hits the ooze.
You kill the ooze!
Found 5 gold pieces.
h - 2 purple potions (gained 1) Terence the Incautious comes into view.
He is wielding a mace.
Terence shouts!
Found an escape hatch in the ceiling.
Found 12 stones.
Terence zaps a wand.
The puff of flame hits you!
It is a wand of flame (26).
Terence zaps a wand.
The puff of flame hits you!
* * * LOW HITPOINT WARNING * * *
Terence zaps a wand.
The puff of flame hits you!
You die...

#.# #.. #.#..# ....
#.#<.#..###.#..# ###....
#.#......##.#..# ≈≈.≈≈≈≈
###.######.##.#..# ≈......
.................###≈≈≈≈≈≈≈≈
.......###..#.#†....≈.≈≈≈≈≈≈
.......# ##.#.#......≈≈≈≈≈≈≈
########
#...#.....≈≈≈≈≈≈.♣≈≈
##..#.@.....≈≈≈♣_.≈≈
#..#.....≈≈≈≈≈.♣≈≈≈
#..#.....≈.≈≈≈≈≈≈≈≈
#..#......≈≈≈≈≈≈≈≈≈
#..#.......≈≈≈≈≈≈≈≈
#..#.......≈≈≈≈.... .
..>#.....≈≈.≈≈...≈≈ .
...#.......?@...... .
....#...........!$..


You could see Terence.

Vanquished Creatures
  An adder (D:2)
  2 oozes (D:2)
  A dart slug (D:1)
  2 bats (D:1)
  A giant cockroach (D:1)
  6 goblins (D:1)
  4 hobgoblins (D:1)
  6 jackals
  2 frilled lizards
  A rat (D:1)
26 creatures vanquished.

Notes
Turn   | Place    | Note
-------+----------+-------------------------------------------
     0 | D:1      | royokou the Deep Elf Conjurer began the quest for the Orb.
     0 | D:1      | Reached XP level 1. HP: 10/10 MP: 6/6
   158 | D:1      | Reached XP level 2. HP: 15/15 MP: 2/8
   162 | D:1      | Learned a level 2 spell: Searing Ray
   386 | D:1      | Reached skill level 5 in Conjurations
   702 | D:1      | Reached XP level 3. HP: 19/19 MP: 6/9
   930 | D:2      | Found a faded altar of an unknown god.
   944 | D:2      | Noticed Terence
   951 | D:2      | Killed from afar by Terence

Vault maps used:
D:1:      matt_arrival_spirals
D:2:      chequers_ecumenical_altar_island, uniq_terence, uniq_natasha

Skill      XL: |  1  2 |
---------------+-------+-----
Conjurations   | 5 |  5.4
Dodging        | |  2.4
Stealth        | |  2.5
Spellcasting   | |  3.8

Action                   || total
-------------------------++-------
Melee: Short sword       ||    10
       Unarmed           ||     5
 Cast: Magic Dart        ||    57
Armor: Robe              ||     3
Dodge: Dodged            ||    18

Table legend:
 A = Spawn XP
 B = Non-spawn XP
 C = Spawn XP percentage of total XP
 D = Spawn monster count
 E = Non-spawn monster count
 F = Spawn count percentage of total count
 G = Total turns spent on level
                    A         B        C        D         E        F      G
               +---------+---------+-------+---------+---------+-------+---------
         Total |       0 |      72 |   0.0 |       0 |      26 |   0.0 |   951
               +---------+---------+-------+---------+---------+-------+---------
           D:1 |       0 |      42 |   0.0 |       0 |      21 |   0.0 |   795
           D:2 |       0 |      30 |   0.0 |       0 |       5 |   0.0 |   156
               +---------+---------+-------+---------+---------+-------+---------
